[Event "Early-Titled-Tuesday-Blitz-April-23-2024"]
[Site "Chess.com"]
[Date "2024.04.23"]
[Round "7"]
[White "CMButgood"]
[Black "rhwr"]
[Result "1-0"]
[WhiteElo "2173"]
[BlackElo "2285"]
[TimeControl "180+1"]
[EndTime "9:19:39 PDT"]
[Termination "CMButgood won on time"]

1. e4 c5 2. Nf3 d6 3. d4 cxd4 4.
Nxd4 Nf6 5. Nc3 e5 6. Nb3 Be6 7. Be3 Be7 8. Qd2 O-O 9. Be2 Nbd7 10. O-O-O a6 11. f3 b5 12. Kb1 b4 13. Nd5 Bxd5 14. exd5 a5 15. Nc1 Qc7 16. Bb5 Rfb8 17. Bc6 Ra6 18.
g4 Nb6 19. Qe2 Ra7 20. Qf2 a4 21. Nd3 b3 22. Nb4 bxa2+ 23. Kxa2 Ra5 24. Qe2 a3 25. b3 Rf8 26. Qf2 Nc8 27. c4 Qb8 28. Bb5 Rxb5 29. Nc6 Qb7 30. cxb5 Qxb5 31. Qf1 Qb7 32. Qc4 Re8 33.
Qb4 Qa6 34. Qc4 Qb7 35. g5 Nd7 36. Qb4 Qa6 37. Rd2 Ncb6 38. Nxe7+ Rxe7 39. Qxd6 Re8 40. Rc1 Qa5 41. Rdc2 g6 42. Bxb6 Nxb6 43. Qc5 Qa6 44. Qc6 Qa5 45. Qxe8+ Kg7 46. Qxe5+ Kf8 47. Rc8+ Nxc8 48.
Rxc8+ 1-0

[Event "Early-Titled-Tuesday-Blitz-April-23-2024"]
[Site "Chess.com"]
[Date "2024.04.23"]
[Round "7"]
[White "TanitoluwaAps116"]
[Black "Iskusnyh"]
[Result "1-0"]
[WhiteElo "2790"]
[BlackElo "2640"]
[TimeControl "180+1"]
[EndTime "9:19:41 PDT"]
[Termination "TanitoluwaAps116 won by resignation"]

1. e4 e6 2. d4 d5 3. exd5 exd5 4. Nf3 Nf6 5. Bd3 c5 6. c3 Nc6 7. O-O Be7 8. dxc5 Bxc5 9. Re1+ Be6 10. Be3 Bb6 11. Nbd2 O-O 12. Bxb6 Qxb6 13. Nb3 Bg4 14. h3 Bh5 15. Be2 Ne4 16. Nfd4 Bg6 17. Bf1 Rad8 18.
Re3 Rfe8 19. Qe2 Nd6 20. Re1 Kf8 21. Qf3 Rxe3 22. Rxe3 Be4 23. Qf4 Nxd4 24. Nxd4 Re8 25. f3 Bg6 26. Rxe8+ Nxe8 27. b4 Qc7 28. Ne6+ 1-0

[Event "Early-Titled-Tuesday-Blitz-April-23-2024"]
[Site "Chess.com"]
[Date "2024.04.23"]
[Round "7"]
[White "Kotofeyca"]
[Black "wqws"]
[Result "1-0"]
[WhiteElo "2498"]
[BlackElo "2691"]
[TimeControl "180+1"]
[EndTime "9:19:41 PDT"]
[Termination "Kotofeyca won by resignation"]

1. d4 Nf6 2. c4 g6 3. f3 Bg7 4.
e4 d6 5. Nc3 O-O 6. Be3 c5 7.
dxc5 dxc5 8. Qxd8 Rxd8 9. Bxc5 Nc6 10. Nd5 Nxd5 11. cxd5 Bxb2 12. Rb1 Bd4 13. Ba3 Bc3+ 14. Kf2 Bd4+ 15. Kg3 Ne5 16. Bxe7 Re8 17. Ba3 h5 18. h4 f5 19. Bb5 Bd7 20. Ne2 Bxb5 21. Nxd4 Bd3 22.
Rxb7 fxe4 23. Ne6 Nc4 24. Bc5 Ne5 25. Bd4 Nf7 26. Rc1 Rac8 27. Rxc8 Rxc8 28. fxe4 Bxe4 29. Rxf7 Kxf7 30. Ng5+ Ke7 31. Nxe4 Rc2 32. Kf4 Rxg2 33. Ke5 Rxa2 34. d6+ Kd8 35. Ke6 Re2 36. Bf6+ 1-0

[Event "Early-Titled-Tuesday-Blitz-April-23-2024"]
[Site "Chess.com"]
[Date "2024.04.23"]
[Round "7"]
[White "MarlonJodar"]
[Black "AsselLesbekova"]
[Result "0-1"]
[WhiteElo "2288"]
[BlackElo "2444"]
[TimeControl "180+1"]
[EndTime "9:19:42 PDT"]
[Termination "AsselLesbekova won by checkmate"]

1. e4 e5 2. Nf3 Nf6 3. Nxe5 Nxe4 4. Qe2 Qe7 5. Qxe4 d6 6. d4 dxe5 7. Qxe5 Qxe5+ 8. dxe5 Bf5 9. Bb5+ Nc6 10. Bf4 O-O-O 11. Nc3 Nd4 12. O-O-O c6 13. Bd3 Bxd3 14. Rxd3 Bb4 15.
Re1 h6 16. Re4 Bxc3 17. Rxc3 Ne6 18. Be3 Kb8 19. Ra4 a6 20. Rb3 Kc8 21. f4 g6 22. g4 h5 23. f5 gxf5 24. gxf5 Nc7 25. Rd4 Nd5 26. Bg5 Rdg8 27. h4 Re8 28. c4 Ne7 29.
Rf3 c5 30. Rd6 Nc6 31. Bf6 Rhg8 32. Re3 Nd4 33. b4 Nxf5 34. Red3 Nxd6 35. exd6 Kd7 36.
bxc5 Rg4 37. Rd5 Rxc4+ 38. Kd2 Rc8 39. Rxh5 R8xc5 40. Rh7 Ke6 41. Be7 Rd5+ 42. Ke3 Rc3+ 43. Kf4 f6 44. Rh6 Rd4# 0-1

[Event "Early-Titled-Tuesday-Blitz-April-23-2024"]
[Site "Chess.com"]
[Date "2024.04.23"]
[Round "7"]
[White "Kushch_Nikolai"]
[Black "Boxerandchessplayer"]
[Result "0-1"]
[WhiteElo "2379"]
[BlackElo "2231"]
[TimeControl "180+1"]
[EndTime "9:19:44 PDT"]
[Termination "Boxerandchessplayer won by resignation"]

1. Nf3 e6 2. c4 d5 3. d4 c6 4.
e3 Nf6 5. Nc3 Nbd7 6. Qc2 Be7 7.
Bd3 O-O 8. O-O dxc4 9. Bxc4 b5 10. Bb3 Bb7 11. e4 a6 12. e5 Nd5 13. Ne4 c5 14.
dxc5 Rc8 15. Bg5 Nxc5 16. Nxc5 Bxg5 17. Bxd5 Bxd5 18. b4 Be7 19. Rfd1 Qc7 20. Rac1 Bxf3 21.
gxf3 Qxe5 22. Qe4 Qxe4 23. fxe4 Bxc5 24. bxc5 Rc6 25. Rd6 Rfc8 26. Rxc6 Rxc6 27. f4 Kf8 28. Kf2 Ke7 29. Ke3 Kd7 30. Kd4 Rc7 31. Rg1 g6 32.
h4 Kc6 33. Rc1 f6 34. a3 Rd7+ 35. Ke3 a5 36. h5 gxh5 37. Rh1 Kxc5 38. Rxh5+ Kc4 39.
Rh6 Rf7 40. e5 fxe5 41. fxe5 Re7 42. Ke4 b4 43. axb4 axb4 44. Rh1 Kc3 45. Rc1+ Kb2 46. Rc6 b3 47. Kf4 Kb1 48. Kg5 b2 49.
Kf6 Rb7 50. Kxe6 Ka2 51. Ra6+ Kb3 0-1

[Event "Early-Titled-Tuesday-Blitz-April-23-2024"]
[Site "Chess.com"]
[Date "2024.04.23"]
[Round "7"]
[White "Rakhmanov_Aleksandr"]
[Black "shimastream"]
[Result "0-1"]
[WhiteElo "2870"]
[BlackElo "3053"]
[TimeControl "180+1"]
[EndTime "9:19:46 PDT"]
[Termination "shimastream won on time"]

1. c4 b6 2. Nc3 Bb7 3. d4 Nf6 4. e3 e6 5. Nf3 Bb4 6. Bd2 O-O 7. Bd3 d5 8. cxd5 exd5 9. O-O Bd6 10. Ne5 c5 11. f4 Nc6 12. Rc1 Rc8 13. Be1 cxd4 14. Nxc6 Bxc6 15. exd4 Ne4 16. Bxe4 dxe4 17.
d5 Bc5+ 18. Kh1 Bb7 19. f5 Re8 20. Qg4 e3 21. Bh4 Qd6 22. Bg3 Qd7 23. b4 Bf8 24. Ne4 Kh8 25. Rxc8 Bxc8 26. d6 Bb7 27. Ng5 h6 28.
Qh5 Kg8 29. Nf3 Qb5 30. Re1 Bc8 31. Nd4 Qd5 32. Qh4 Bxd6 33. Bxd6 Qxd6 34. a3 Qe5 35. Nf3 Qxf5 36. h3 Qd3 37. Qf4 Qc3 38. Kh2 e2 0-1

[Event "Early-Titled-Tuesday-Blitz-April-23-2024"]
[Site "Chess.com"]
[Date "2024.04.23"]
[Round "7"]
[White "ChainedDowntohell"]
[Black "Road2GM3000"]
[Result "0-1"]
[WhiteElo "2563"]
[BlackElo "2448"]
[TimeControl "180+1"]
[EndTime "9:19:46 PDT"]
[Termination "Road2GM3000 won on time"]

1. d4 d5 2. a3 c6 3. Nf3 Nf6 4. Bf4 Bf5 5. e3 e6 6. c4 Bd6 7. Bxd6 Qxd6 8. Nc3 O-O 9. Be2 Nbd7 10. Nh4 Be4 11. f3 Bg6 12. Nxg6 hxg6 13. c5 Qc7 14. f4 a5 15. b4 b6 16. O-O bxc5 17. bxc5 Rfb8 18. Na4 Rb7 19. Bd3 Rab8 20. Qc2 Rb3 21. Rfb1 Qb7 22. Nb6 Rxb1+ 23. Rxb1 Nxb6 24. Rxb6 Qc7 25. Rb2 Ng4 26. Rxb8+ Qxb8 27. Qe2 Nf6 28. Qc2 Ng4 29.
Qe2 Nf6 30. Qc2 Kf8 31. h3 Ke7 32. Kh2 g5 33. g3 gxf4 34. gxf4 g5 35. Qf2 g4 36. Kg3 gxh3 37. Kxh3 Qb3 38. Qd2 Qxa3 0-1

[Event "Early-Titled-Tuesday-Blitz-April-23-2024"]
[Site "Chess.com"]
[Date "2024.04.23"]
[Round "7"]
[White "jaskol95"]
[Black "Acva-Alenok"]
[Result "1-0"]
[WhiteElo "2556"]
[BlackElo "2366"]
[TimeControl "180+1"]
[EndTime "9:19:46 PDT"]
[Termination "jaskol95 won on time"]

1. e4 c6 2. d4 d5 3. e5 Bf5 4. Nd2 e6 5. Nb3 Nd7 6. Be3 Ne7 7. g4 Be4 8. f3 Bg6 9. h4 h5 10. Ne2 hxg4 11. fxg4 Be4 12. Rh2 c5 13. Nxc5 Nxc5 14.
dxc5 Ng6 15. h5 Nxe5 16. Nd4 Bxc5 17. Bb5+ Kf8 18. Nxe6+ fxe6 19. Bxc5+ Kg8 20. Be2 Qc7 21. Qd4 Nf3+ 22. Bxf3 Qxh2 23. Bxe4 Qg3+ 24. Kd2 Qf4+ 25. Qe3 Qxe3+ 26. Kxe3 dxe4 27. Rd1 Rc8 28. Bd4 Rxc2 29. Bc3 Kh7 30. Rd7 Rf8 31. Rxg7+ Kh6 32. Rg6+ Kh7 33. g5 Rf3+ 34. Kxe4 Rfxc3 35. bxc3 Rxc3 36. Rxe6 Rc4+ 37. Kf5 Rc5+ 38. Re5 Rc7 39. Kf6 Rc6+ 40. Re6 Rc2 41. Re7+ Kg8 42. Rxb7 Rxa2 43. Rb8+ 1-0

[Event "Early-Titled-Tuesday-Blitz-April-23-2024"]
[Site "Chess.com"]
[Date "2024.04.23"]
[Round "7"]
[White "Mops_2004"]
[Black "RandomNoob04"]
[Result "1-0"]
[WhiteElo "2897"]
[BlackElo "2669"]
[TimeControl "180+1"]
[EndTime "9:19:47 PDT"]
[Termination "Mops_2004 won by checkmate"]

1. g3 Nf6 2. Bg2 d5 3. f4 c5 4.
Nf3 Nc6 5. O-O Bg4 6. Ne5 e6 7. Nxg4 Nxg4 8. e4 Nf6 9. exd5 exd5 10. g4 Be7 11. g5 Ng8 12. Nc3 d4 13. Nd5 h6 14.
Qf3 Bd6 15. h4 Nge7 16. Nxe7 Qxe7 17. d3 hxg5 18. hxg5 O-O-O 19. Bd2 Rh4 20. Bh3+ Kb8 21. Rae1 Qc7 22. Bg2 Rdh8 23. Re4 Nb4 24. c3 Nd5 25. cxd4 Nxf4 26. Bxf4 cxd4 27. Rxd4 Bxf4 28. Rxf4 Qb6+ 29.
d4 R4h5 30. Qg3 Ka8 31. Rxf7 a5 32. Rxb7 Qxd4+ 33. Qf2 Qg4 34. Qa7# 1-0

[Event "Early-Titled-Tuesday-Blitz-April-23-2024"]
[Site "Chess.com"]
[Date "2024.04.23"]
[Round "7"]
[White "ChessMA48"]
[Black "Happy1712Drummer"]
[Result "0-1"]
[WhiteElo "2298"]
[BlackElo "2508"]
[TimeControl "180+1"]
[EndTime "9:19:47 PDT"]
[Termination "Happy1712Drummer won by checkmate"]

1. d4 d5 2. Nf3 Nf6 3. c4 e6 4. cxd5 exd5 5. Bg5 Be7 6. Nc3 O-O 7. e3 Bf5 8. Bd3 Bxd3 9. Qxd3 c6 10. O-O Nbd7 11. Rae1 Re8 12. Qf5 g6 13. Qh3 Nf8 14. Ne5 Ne6 15. Bh6 Ng7 16. g4 Ne4 17. Qf3 f6 18. Nxe4 dxe4 19. Qxe4 fxe5 20. dxe5 Bg5 21. Rd1 Qe7 22. Qc4+ Kh8 23. Bxg7+ Qxg7 24. f4 Bd8 25. e6 Bb6 26. Rd7 Re7 27. Rfd1 Rae8 28. Kg2 Qxb2+ 29. R1d2 Qf6 30. g5 Qxe6 31. Qc3+ Kg8 32. R7d6 Qxe3 33. Qf6 Qg1+ 34. Kh3 Re3+ 35. Kh4 Qe1+ 36. Kg4 R3e7 37. h4 Qg1+ 38. Kh3 Re3# 0-1

[Event "Early-Titled-Tuesday-Blitz-April-23-2024"]
[Site "Chess.com"]
[Date "2024.04.23"]
[Round "7"]
[White "Smiechu"]
[Black "jeetjain"]
[Result "0-1"]
[WhiteElo "2460"]
[BlackElo "2612"]
[TimeControl "180+1"]
[EndTime "9:19:48 PDT"]
[Termination "jeetjain won on time"]

1. e4 e6 2. d4 d5 3. Bd3 c5 4. exd5 Qxd5 5. Nf3 Nc6 6. c4 Qd8 7. d5 exd5 8. cxd5 Qxd5 9. O-O Be6 10. Nc3 Qd7 11. Qe2 Be7 12. Bf4 Nf6 13. Rad1 Qc8 14. Ng5 Nd4 15. Qe3 O-O 16. Rfe1 Re8 17. Nce4 Nd5 18.
Qg3 Nxf4 19. Qxf4 h6 20. Nxe6 Nxe6 21. Qf5 Nf8 22. Qf3 a6 23. Bc4 Ne6 24. Ng3 Bf6 25.
Nf5 Ng5 26. Nxh6+ Kh7 27. Qd3+ Kxh6 28. h4 Rxe1+ 29. Rxe1 Ne6 30. h5 Nd4 31. Bxf7 Qg4 32. Bg6 Rf8 33. f3 Qg3 34. Re4 Nxf3+ 35. Qxf3 Bd4+ 36. Kh1 Rxf3 37. gxf3 Qxf3+ 38. Kh2 Qf2+ 39. Kh3 Qxb2 40. Re6 Kg5 41. Bf7 Qc3+ 42. Kg2 Qd2+ 43.
Kg3 Qd3+ 44. Kg2 Kh4 45. Rg6 Qe2+ 0-1

[Event "Early-Titled-Tuesday-Blitz-April-23-2024"]
[Site "Chess.com"]
[Date "2024.04.23"]
[Round "7"]
[White "LaPiToB"]
[Black "Artem_Koval"]
[Result "0-1"]
[WhiteElo "2305"]
[BlackElo "2548"]
[TimeControl "180+1"]
[EndTime "9:19:48 PDT"]
[Termination "Artem_Koval won by resignation"]

1. c4 e5 2. Nc3 Bb4 3. e4 Bxc3 4. dxc3 Nc6 5. Ne2 d6 6. Ng3 Qh4 7. Be2 Nf6 8. Qc2 a5 9. a4 Be6 10. b3 Nd7 11. Be3 Nc5 12. Bxc5 dxc5 13. Qd2 Rd8 14.
Qe3 b6 15. O-O O-O 16. f4 exf4 17. Rxf4 Qe7 18. Raf1 Ne5 19. Nf5 Bxf5 20. exf5 f6 21. Rh4 Rfe8 22. Qh3 h6 23. Bh5 Rf8 24. Be2 Rd2 25. Qe3 Rfd8 26. Re4 Qd6 27. h3 Rb2 28. Rd1 Qe7 29. Rxd8+ Qxd8 30. Bf1 Rxb3 31. Qg3 Rb1 32.
Re1 Rd1 33. Kh2 Qd2 34. Rxd1 Qxd1 35. Qf4 Qxa4 36. g4 Qc2+ 37. Bg2 a4 38. Qe4 Qxe4 39.
Bxe4 a3 40. Bb1 Kf8 41. Ba2 Nd3 42. Kg3 Nc1 43. Bb1 a2 44. Bxa2 Nxa2 45. Kf4 Nxc3 0-1

[Event "Early-Titled-Tuesday-Blitz-April-23-2024"]
[Site "Chess.com"]
[Date "2024.04.23"]
[Round "7"]
[White "Zarinur"]
[Black "KnightDuta"]
[Result "0-1"]
[WhiteElo "2509"]
[BlackElo "2749"]
[TimeControl "180+1"]
[EndTime "9:19:50 PDT"]
[Termination "KnightDuta won by resignation"]

1. e4 d5 2. exd5 Nf6 3. d4 Nxd5 4. c4 Nb6 5. Nc3 e5 6. d5 c6 7. Nf3 Bb4 8. Bd2 O-O 9. Bd3 Bg4 10. Qc2 cxd5 11.
cxd5 Bxc3 12. Bxc3 Nxd5 13. O-O-O Bxf3 14. gxf3 Qg5+ 15. Kb1 Nxc3+ 16. Qxc3 Nc6 17. Rdg1 Qf6 18. Rg4 Rac8 19. Rhg1 g6 20. Qd2 Nd4 21. Qh6 Qg7 22. Qh3 Rfd8 23.
Rg5 Ne6 24. Bxg6 Nxg5 25. Bxh7+ Qxh7+ 26. Qxh7+ Kxh7 27. b3 0-1

[Event "Early-Titled-Tuesday-Blitz-April-23-2024"]
[Site "Chess.com"]
[Date "2024.04.23"]
[Round "7"]
[White "UK_23"]
[Black "Aslanov_Umid"]
[Result "1/2-1/2"]
[WhiteElo "2496"]
[BlackElo "2633"]
[TimeControl "180+1"]
[EndTime "9:19:50 PDT"]
[Termination "Game drawn by repetition"]

1. e4 c5 2. Nf3 d6 3. d4 cxd4 4. Qxd4 Nf6 5. Be2 Nc6 6. Qe3 g6 7. h3 Bg7 8. O-O O-O 9. Rd1 Qb6 10. Qxb6 axb6 11. Nc3 Nb4 12. Ne1 Be6 13. a3 Nc6 14.
Be3 Nd7 15. Bd2 Nc5 16. Bd3 Nd4 17. Be3 Nc6 18. Bd2 Nd4 19. Be3 Rfc8 20. Nf3 Nxf3+ 21. gxf3 Bxh3 22. Nd5 Nxd3 23. cxd3 Rc2 24. Nxb6 Ra5 25.
Nc4 Rh5 26. a4 d5 27. exd5 Rxd5 28. a5 Rf5 29. f4 Bg4 30. Rdc1 Bf3 31. Kh2 Re2 32. Kg3 Bd5 33. Nb6 Bxb2 34. Rc8+ Kg7 35. Rb1 Bf6 36. Nxd5 Rxd5 37. Rxb7 Rxa5 38. Kf3 Rea2 39.
Rbb8 h5 40. Rg8+ Kh7 41. Rgf8 Kg7 42. Rg8+ Kh7 43. Rgf8 Kg7 44. Rg8+ 1/2-1/2

[Event "Early-Titled-Tuesday-Blitz-April-23-2024"]
[Site "Chess.com"]
[Date "2024.04.23"]
[Round "7"]
[White "maracayo"]
[Black "aanshnerurkar"]
[Result "1/2-1/2"]
[WhiteElo "2333"]
[BlackElo "2343"]
[TimeControl "180+1"]
[EndTime "9:19:50 PDT"]
[Termination "Game drawn by repetition"]

1. e4 c5 2. Nf3 d6 3. d4 cxd4 4.
Nxd4 Nf6 5. Nc3 g6 6. Be3 Bg7 7. Be2 O-O 8. O-O Nc6 9. Nb3 Be6 10. Re1 Rc8 11. h3 Ne5 12. Nd4 Bc4 13. Bg5 Bxe2 14. Ndxe2 Nc4 15. b3 Nb6 16. Rc1 h6 17. Bxf6 Bxf6 18.
Nd5 Bg7 19. c4 e6 20. Ndc3 Qd7 21. Qd2 Rfd8 22. Rcd1 Qc6 23. Nd4 Qc5 24. Nf3 d5 25. exd5 exd5 26. Nxd5 Nxd5 27. cxd5 Bc3 28. Qxh6 Bxe1 29.
Rxe1 Qf8 30. Qg5 Qd6 31. h4 Qxd5 32. Re8+ Kg7 33. Qxd5 Rc1+ 34. Kh2 Rxd5 35. Re7 Rb5 36. Ng5 Rf5 37. f3 Rc2 38. Rxb7 Rxa2 39. Ne6+ Kh6 40. Ng5 Kg7 41. Ne6+ Kf6 42. Ng5 Kg7 1/2-1/2

[Event "Early-Titled-Tuesday-Blitz-April-23-2024"]
[Site "Chess.com"]
[Date "2024.04.23"]
[Round "7"]
[White "joshdaruca"]
[Black "guillembaches"]
[Result "1/2-1/2"]
[WhiteElo "2748"]
[BlackElo "2590"]
[TimeControl "180+1"]
[EndTime "9:19:51 PDT"]
[Termination "Game drawn by repetition"]

1. b3 d5 2. Bb2 Bf5 3. d3 e6 4.
Nd2 h6 5. g3 Nf6 6. Bg2 Bh7 7. Nh3 a5 8. O-O a4 9. c4 a3 10. Bxf6 gxf6 11. cxd5 exd5 12. b4 Bxb4 13. Rb1 Nc6 14. Nf4 Ra5 15. Nb3 Rb5 16. Qc1 Qd6 17.
Qe3+ Kf8 18. Rfc1 Bg6 19. Nd4 Nxd4 20. Qxd4 c6 21. e3 Kg7 22. Rb3 Bc5 23. Qa4 Rxb3 24.
Qxb3 b6 25. Qa4 Rc8 26. d4 Bb4 27. Nxd5 Bd2 28. Rd1 cxd5 29. Rxd2 Rc1+ 30. Bf1 Be4 31. f3 Bxf3 32. Qb5 Be4 33. Qe2 Qe6 34. Rd1 Rc2 35.
Rd2 Rc1 36. Rd1 Rc2 37. Rd2 Rc1 1/2-1/2

[Event "Early-Titled-Tuesday-Blitz-April-23-2024"]
[Site "Chess.com"]
[Date "2024.04.23"]
[Round "7"]
[White "AlexeiShirov"]
[Black "MrVenky"]
[Result "0-1"]
[WhiteElo "2798"]
[BlackElo "2545"]
[TimeControl "180+1"]
[EndTime "9:19:53 PDT"]
[Termination "MrVenky won by resignation"]

1. e4 e5 2. Nf3 Nc6 3. Bb5 a6 4.
Ba4 Nf6 5. O-O Bc5 6. c3 b5 7. Bb3 d6 8. d4 Bb6 9. Be3 O-O 10.
Nbd2 Bb7 11. h3 h6 12. Re1 Nd7 13.
Nf1 Na5 14. Bc2 exd4 15. Nxd4 Nc4 16. Bc1 Qf6 17. Ng3 Nde5 18. b3 Na5 19. Be3 Nac6 20. Ndf5 Bxe3 21. Rxe3 Qd8 22. Nh5 g6 23. Nxh6+ Kh7 24.
Ng4 Nxg4 25. Qxg4 Ne5 26. Qe2 gxh5 27. Qxh5+ Kg7 28. Rg3+ Ng6 29. e5 Rh8 30. Rxg6+ fxg6 31. Qxg6+ Kf8 32. Qf5+ Kg7 33. Qg4+ Kf8 34. Qf5+ Kg7 35. Re1 Qe7 36. Qg6+ Kf8 37. Be4 Qxe5 38. Re3 Bxe4 39.
Rxe4 Qg7 40. Qh6 Rxh6 0-1

[Event "Early-Titled-Tuesday-Blitz-April-23-2024"]
[Site "Chess.com"]
[Date "2024.04.23"]
[Round "7"]
[White "Djager97"]
[Black "ProtectiveCarrot"]
[Result "1/2-1/2"]
[WhiteElo "2546"]
[BlackElo "2360"]
[TimeControl "180+1"]
[EndTime "9:19:53 PDT"]
[Termination "Game drawn by repetition"]

1. e4 a6 2. d4 e6 3. Nf3 d5 4. exd5 exd5 5. Bd3 Nc6 6. h3 Bd6 7. O-O Nge7 8. Re1 O-O 9. c4 dxc4 10. Bxc4 b5 11. Bb3 Nb4 12. Nc3 Bb7 13. Bg5 Qe8 14.
a3 Nbc6 15. d5 Na5 16. Bc2 Qd7 17. Bxe7 Bxe7 18. Ne5 Qd8 19. Qd3 g6 20. Ng4 Bf6 21.
Ne4 Bxb2 22. Nh6+ Kh8 23. d6 Bxe4 24. Qxe4 Bxa1 25. Rxa1 Qxd6 26. Nxf7+ Rxf7 27. Qxa8+ Rf8 28. Qe4 Nc4 29. Rd1 Qf6 30. f3 Nxa3 31. Bb3 Nc4 32. Bxc4 bxc4 33. Qxc4 Qb6+ 34. Kh1 a5 35. Rd7 c5 36. Qh4 Qb1+ 37. Kh2 Qb8+ 38. Kh1 Qb1+ 39.
Kh2 Qb8+ 40. Kg1 Qb1+ 41. Kh2 1/2-1/2

[Event "Early-Titled-Tuesday-Blitz-April-23-2024"]
[Site "Chess.com"]
[Date "2024.04.23"]
[Round "7"]
[White "Nimrod_Veinberg"]
[Black "Hikaru"]
[Result "0-1"]
[WhiteElo "2799"]
[BlackElo "3300"]
[TimeControl "180+1"]
[EndTime "9:19:54 PDT"]
[Termination "Hikaru won on time"]

1. e4 a6 2. d4 c6 3. Nc3 d5 4. exd5 cxd5 5. Nf3 Bg4 6. Be2 Bxf3 7. Bxf3 e6 8. O-O Bd6 9. Re1 Ne7 10. g3 Nbc6 11.
Ne2 O-O 12. c3 b5 13. a3 a5 14. Bf4 Bxf4 15. Nxf4 Rc8 16. Nd3 b4 17. axb4 axb4 18.
Bg2 bxc3 19. bxc3 Nb8 20. Qb3 Nd7 21. Ra7 Nc6 22. Ra3 Nb6 23. Nc5 Nd7 24. Nxd7 Qxd7 25. Rd1 Ne7 26. Qa2 Rc7 27. Bf1 Nf5 28. c4 dxc4 29.
Bxc4 Nxd4 30. Rad3 e5 31. Bd5 Qf5 32. Qa5 Rc2 33.
R3d2 Rxd2 34. Rxd2 g6 35. Kg2 h5 36. h4 Kg7 37. Qc5 Qf6 38. Ra2 Nf5 39. Ra7 Qd6 40. Qc4 Ne7 41. Bf3 Rc8 42. Qb3 Rf8 43. Qb7 Nf5 44. Bd5 Nh6 45. Ra6 Qd8 46. Qb3 Qe7 47. Qb6 Ng4 48. Ra7 Qf6 49. Qc5 Rc8 0-1

[Event "Early-Titled-Tuesday-Blitz-April-23-2024"]
[Site "Chess.com"]
[Date "2024.04.23"]
[Round "7"]
[White "Carow-Kann"]
[Black "Binary010"]
[Result "0-1"]
[WhiteElo "2670"]
[BlackElo "2855"]
[TimeControl "180+1"]
[EndTime "9:19:55 PDT"]
[Termination "Binary010 won by resignation"]

1. d4 Nf6 2. c4 e6 3. Nc3 Bb4 4.
Qc2 d5 5. a3 Bxc3+ 6. Qxc3 c5 7. dxc5 d4 8. Qc2 Nc6 9. e3 O-O 10. Nf3 e5 11. e4 a5 12. Rb1 a4 13. Bd2 Bg4 14. Ng1 Qe7 15. f3 Be6 16. b4 axb3 17. Rxb3 Qxc5 18. Bd3 Rxa3 19. Ne2 Rfa8 20. Nc1 Rxb3 21. Nxb3 Qa3 22. O-O Nb4 23. Bxb4 Qxb4 24. Rb1 Qe7 25. Qb2 Nd7 26. Ra1 Rxa1+ 27. Qxa1 Qb4 28.
Bc2 Bxc4 29. Qa5 Qxa5 30. Nxa5 Ba6 31. Kf2 f6 32. Bb3+ Kf8 33. Bd5 Nc5 34. Ke1 Ke7 35. Kd2 Kd6 36. Bg8 h6 37. g3 b6 38. Nb3 Nxb3+ 39. Bxb3 Kc5 40. Bf7 Bc4 0-1

[Event "Early-Titled-Tuesday-Blitz-April-23-2024"]
[Site "Chess.com"]
[Date "2024.04.23"]
[Round "7"]
[White "hakanazeri2"]
[Black "adotand"]
[Result "1/2-1/2"]
[WhiteElo "2542"]
[BlackElo "2922"]
[TimeControl "180+1"]
[EndTime "9:19:55 PDT"]
[Termination "Game drawn - insufficient material"]

1. Nf3 g6 2. c4 Bg7 3. Nc3 d6 4. e4 Nd7 5. d4 e5 6. Be3 Ngf6 7. h3 Qe7 8. d5 Nc5 9. Qc2 a5 10.
Be2 Bd7 11. Nd2 c6 12. dxc6 Bxc6 13. Nd5 Bxd5 14. cxd5 O-O 15. Bxc5 dxc5 16. Bb5 Bh6 17. Nc4 Nh5 18. g3 f5 19. d6 Qf6 20. Nb6 Rad8 21.
Nd7 Rxd7 22. Bxd7 fxe4 23. O-O Qxd6 24. Rad1 Qf6 25. Qxe4 Qg5 26. Qd5+ Kh8 27. Bg4 Nf6 28. Qxb7 e4 29. Qe7 Nxg4 30. Qxg5 Bxg5 31. hxg4 Bf6 32.
Rfe1 Bxb2 33. Rxe4 Bd4 34. Rdxd4 cxd4 35. Rxd4 Rc8 36.
Kg2 Rc2 37. Ra4 Rc5 38. f4 Kg7 39. g5 h6 40. gxh6+ Kxh6 41. Kf3 Kh5 42. Ra3 Rb5 43.
Re3 Kh6 44. Kg4 Rb2 45. Ra3 Rb5 46. Rb3 Rd5 47. Re3 Rd2 48. Ra3 Rd5 49. Kh4 Kg7 50. Rb3 Kf6 51. g4 Rd2 52. Rb6+ Kf7 53. Kg5 Rd5+ 54.
Kh6 Rd4 55. Rxg6 Rxf4 56. Rg5 Ra4 57. Rf5+ Kg8 58. Kg6 Rxa2 59. Rb5 Kf8 60. Rb8+ Ke7 61. g5 Kd6 62. Kg7 Kc5 63. g6 a4 64. Kf7 Rf2+ 65. Kg8 a3 66. Ra8 Kb4 67. g7 Kb3 68. Kh7 Rh2+ 69.
Kg6 Rg2+ 70. Kf7 a2 71. Rxa2 Kxa2 72. g8=Q Rxg8 73. Kxg8 1/2-1/2

[Event "Early-Titled-Tuesday-Blitz-April-23-2024"]
[Site "Chess.com"]
[Date "2024.04.23"]
[Round "7"]
[White "GMAkobianSTL"]
[Black "ReadySkate"]
[Result "1-0"]
[WhiteElo "2814"]
[BlackElo "2653"]
[TimeControl "180+1"]
[EndTime "9:19:56 PDT"]
[Termination "GMAkobianSTL won by resignation"]

1. d4 Nf6 2. c4 g6 3. Nc3 d5 4. Bf4 Bg7 5. e3 O-O 6. Rc1 dxc4 7. Bxc4 c5 8. Nf3 cxd4 9. Nxd4 Nbd7 10. Bg3 Nb6 11. Bb3 Bg4 12. f3 Bd7 13. O-O Rc8 14. Qe2 Nh5 15. Bf2 e5 16. Ndb5 a6 17. Nd6 Rc7 18. Rfd1 Qe7 19. Nce4 Rxc1 20. Rxc1 Bc6 21. Nxf7 Rxf7 22. Qd2 Kf8 23. Qa5 Bxe4 24. Bxf7 Kxf7 25. fxe4 Qe6 26. Rc7+ Kg8 27. Rxb7 Nd7 28.
Qd5 Qxd5 29. exd5 Nhf6 30. Bh4 Kf8 31. Bxf6 Nxf6 32. d6 Bh6 33. Kf2 Ne4+ 34. Ke2 Nxd6 35. Rb6 Nf5 36. e4 Nd4+ 37. Kd3 a5 38. Ra6 Bc1 39.
Rxa5 Bxb2 40. Rxe5 Nc6 41. Rb5 Ba3 42. Rb3 Be7 43.
a4 Ke8 44. Rb7 Kd8 45. g3 Kc8 46. Rb1 Kd7 47. Kc4 Kc7 48. Kd5 Bb4 49. Rc1 1-0

[Event "Early-Titled-Tuesday-Blitz-April-23-2024"]
[Site "Chess.com"]
[Date "2024.04.23"]
[Round "7"]
[White "JSPrepz"]
[Black "Tagir45"]
[Result "1-0"]
[WhiteElo "2817"]
[BlackElo "2656"]
[TimeControl "180+1"]
[EndTime "9:19:57 PDT"]
[Termination "JSPrepz won on time"]

1. e4 c5 2. Nf3 d6 3. Nc3 a6 4. g3 Nc6 5. Bg2 g6 6. d4 cxd4 7.
Nxd4 Bg7 8. Be3 Bd7 9. O-O Nf6 10. h3 O-O 11. Qd2 Nxd4 12. Bxd4 Bc6 13. Rfe1 Nd7 14.
Rad1 Bxd4 15. Qxd4 Qb6 16. Qxb6 Nxb6 17. e5 Bxg2 18.
Kxg2 dxe5 19. Rxe5 e6 20. Rc5 Rfc8 21. Rc6 Nc4 22.
Rxc8+ Rxc8 23. Rd7 Nxb2 24. Ne4 Rxc2 25. Ng5 b5 26.
Nxf7 Nc4 27. Ng5 Ne5 28. Rd8+ Kg7 29. Nxe6+ Kf7 30. Ng5+ Ke7 31. Rh8 Rxa2 32. Rxh7+ Kd6 33. Ne4+ Ke6 34. Rb7 Nd3 35. Kf3 b4 36. Ke3 Ra3 37. Kd4 1-0

[Event "Early-Titled-Tuesday-Blitz-April-23-2024"]
[Site "Chess.com"]
[Date "2024.04.23"]
[Round "7"]
[White "ural58"]
[Black "Naruto75_3"]
[Result "1/2-1/2"]
[WhiteElo "2561"]
[BlackElo "2395"]
[TimeControl "180+1"]
[EndTime "9:19:58 PDT"]
[Termination "Game drawn by repetition"]

1. e4 c5 2. b3 Nf6 3. e5 Nd5 4. Nc3 Nxc3 5. dxc3 Nc6 6. Nf3 d6 7. exd6 exd6 8. Bc4 Be7 9. Bf4 O-O 10. Qd2 Bg4 11. O-O-O Qa5 12. a4 Bf6 13. Kb2 Rfd8 14. Bg5 Bxg5 15. Bxf7+ Kxf7 16. Nxg5+ Kg6 17. f3 Bc8 18. h4 h6 19. h5+ Kf6 20. Qf4+ Bf5 21. Ne4+ Ke6 22. Rxd6+ Rxd6 23. Qxd6+ Kf7 24. Qf4 c4 25. g4 cxb3 26. cxb3 Rd8 27. Qxf5+ Qxf5 28. gxf5 Ne7 29. f6 gxf6 30. Rg1 Rd5 31. c4 Rxh5 32. Nd6+ Ke6 33. Nxb7 Rf5 34. Re1+ Kd7 35. Re3 Nc6 36. c5 Kc7 37. Nd6 Rxc5 38. Ne8+ Kb6 39. Nxf6 Rf5 40. Re6 Rxf3 41. b4 Kc7 42. b5 Nd4 43. Re7+ Kb6 44. Nd7+ Ka5 45. Ne5 Rh3 46. Rxa7+ Kb4 47.
Nc6+ Nxc6 48. bxc6 Rb3+ 49. Ka2 Ra3+ 50. Kb2 Rb3+ 51.
Ka2 Ra3+ 52. Kb1 Rb3+ 53. Ka2 1/2-1/2